 Dungeon Crawl Stone Soup version 0.28.0-45-g0d030f2227 (webtiles) character file.

Game seed: 576378387294130374

896 nickcage the Cleaver (level 7, 0/57 HPs)
             Began as a Minotaur Abyssal Knight on Apr 12, 2022.
             Was a Believer of Lugonu.
             Killed by nerve-wracking pain
             ... invoked by an orc priest
              (2 damage)
             ... on level 5 of the Dungeon.
             The game lasted 00:07:32 (4629 turns).

nickcage the Cleaver (Minotaur Abyssal Knight)      Turns: 4629, Time: 00:07:33

Health: 0/57       AC:  9    Str: 20    XL:     7   Next: 79%
Magic:  7/7        EV:  8    Int:  7    God:    Lugonu [**....]
Gold:   224        SH:  0    Dex: 16    Spells: 6/6 levels left

rFire   . . .      SeeInvis .   a - +1 hand axe
rCold   . . .      Faith    .   (no shield)
rNeg    . . .      Spirit   .   d - +0 chain mail
rPois   .          Reflect  .   (helmet restricted)
rElec   .          Harm     .   q - scarf {repulsion}
rCorr   +          Rampage  .   (no gloves)
Will    .....                   s - +0 pair of boots
Stlth   ..........              (no amulet)
HPRegen 0.19/turn               c - ring of resist corrosion
MPRegen 0.10/turn               o - +6 ring of dexterity

@: repel missiles
A: horns 2, retaliatory headbutt
a: Renounce Religion, Depart the Abyss, Bend Space


You were on level 5 of the Dungeon.
You worshipped Lugonu.
Lugonu was pleased with you.
You visited 1 branch of the dungeon, and saw 5 of its levels.
You visited the Abyss 1 time.

You collected 224 gold pieces.

Inventory:

Hand Weapons
 a - a +1 hand axe (weapon)
Armour
 b - a +0 leather armour
 d - a +0 chain mail (worn)
 q - a scarf of repulsion (worn)
 s - a +0 pair of boots (worn)
Jewellery
 c - a ring of resist corrosion (left hand)
 o - a +6 ring of dexterity (right hand)
Wands
 r - a wand of paralysis (13)
Scrolls
 f - a scroll of enchant armour {unknown}
 i - 2 scrolls of amnesia {unknown}
 j - a scroll of enchant weapon {unknown}
 m - 7 scrolls of identify {unknown}
 n - a scroll of magic mapping {unknown}
 p - a scroll of fear {unknown}
Potions
 e - a potion of flight {unknown}
 g - a potion of mutation {unknown}
 h - a potion of heal wounds {unknown}
 k - a potion of attraction {unknown}
 l - 2 potions of haste {unknown}


   Skills:
 - Level 3.6 Fighting
 + Level 10.9 Axes
 - Level 2.4 Armour
 - Level 1.1 Dodging
 - Level 1.7 Invocations


You had 6 spell levels left.
You didn't know any spells.
Your spell library contained the following spells:

 Spells                   Type           Power      Damage    Failure   Level
 Shock                    Conj/Air       0%         1d3       99%         1
 Frozen Ramparts          Ice            0%         1d2       100%        3
 Swiftness                Air            0%         N/A       100%        3
 Airstrike                Air            0%         N/A       100%        4
 Fireball                 Conj/Fire      0%         3d3       100%        5


Dungeon Overview and Level Annotations

Branches:
Dungeon (5/15)             Temple (0/1) D:5

Altars:


Innate Abilities, Weirdness & Mutations

You have a pair of horns on your head.
You reflexively headbutt those who attack you in melee.


Message History

You destroy the scorpion zombie!
Lugonu accepts your kill.
There is an open door here.
As you open the door, it creaks loudly!
There is an open door here.
There is an open door here.
Found a stone staircase leading down.
Found a helmet.
The gnoll shouts!
You hear a shout!
A gnoll sergeant comes into view. It is wielding a +0 trident.
The gnoll sergeant shouts!
A shadow imp comes into view.
The gnoll sergeant moves out of view.
A shadow imp is nearby!
An orc comes into view. It is wielding a +0 club.
The orc shouts!
A phantom comes into view.
An orc comes into view. It is wielding a +0 hand axe.
The orc moves out of view.
The orc shouts!
A scorpion comes into view.
An orc priest comes into view. It is wielding a +0 falchion.
You see here a +0 helmet.
The orc priest shouts!
You hear a shout!
An ogre comes into view. It is wielding a +0 giant spiked club.
The orc priest invokes the aid of Beogh against you.
Beogh smites you!
You completely miss the ogre. You headbutt the ogre.
The ogre is lightly wounded.
The ogre hits you with a +0 giant spiked club!!
* * * LOW HITPOINT WARNING * * *
You hit the ogre. Your headbutt misses the ogre.
The ogre is heavily wounded.
The ogre hits you with a +0 giant spiked club!
* * * LOW HITPOINT WARNING * * *
You hit the ogre.
The ogre is heavily wounded.
The orc priest calls down the wrath of Beogh upon you.
Pain shoots through your body!
You die...

#.....#.....#.....#
#..#..#..#..#..#..#
#..#..#..#o.#..#..##
#..#.....#.....#....
#..#.... #oW...#....
#..#################
#...................
#..@......[.........
#oO#################
#.. .....#.....#
#..#.....#...g.#
#..#..#..#..#.r#
#..#..#..#.g#..#
#..o..#.....#...
#.... #.... #...
###############


You could see an ogre and an orc priest.

Vanquished Creatures
  Grinder (D:3)
  A water moccasin (D:5)
  An ogre (D:5)
  A water moccasin skeleton (D:5)
  2 hounds (D:5)
  2 jellies
  A centaur skeleton (D:5)
  2 iguanas (D:5)
  Terence (D:3)
  A scorpion zombie (D:5)
  2 hound skeletons
  A howler monkey zombie (D:5)
  4 gnolls
  7 adders
  An adder skeleton (D:4)
  2 worms (D:4)
  4 ball pythons
  4 endoplasms
  5 giant cockroaches
  7 goblins
  8 hobgoblins
  A jackal (D:2)
  2 quokkas
  6 bats
  4 frilled lizards
  4 kobolds
  3 rats (D:2)
78 creatures vanquished.

Notes
Turn   | Place    | Note
-------+----------+-------------------------------------------
     0 | Abyss:1  | nickcage the Minotaur Abyssal Knight began the quest for
                  | the Orb.
     0 | Abyss:1  | Reached XP level 1. HP: 19/19 MP: 1/1
    13 | D:1      | Escaped the Abyss
   122 | D:1      | Reached skill level 3 in Axes
   122 | D:1      | Reached XP level 2. HP: 11/26 MP: 2/2
   908 | D:1      | Reached skill level 4 in Axes
  1203 | D:2      | Reached XP level 3. HP: 31/31 MP: 3/3
  1369 | D:2      | Reached ** piety under Lugonu
  1433 | D:2      | Got the Handbook of Frigorific Heat
  1438 | D:2      | Found a faded altar of an unknown god.
  1822 | D:2      | Reached skill level 5 in Axes
  2029 | D:3      | Noticed Grinder
  2047 | D:3      | Killed Grinder
  2048 | D:3      | Reached skill level 7 in Axes
  2048 | D:3      | Reached XP level 4. HP: 5/39 MP: 4/4
  2048 | D:3      | Reached XP level 5. HP: 5/45 MP: 5/5
  2531 | D:3      | Reached XP level 6. HP: 44/51 MP: 6/6
  2765 | D:3      | Noticed Terence
  2773 | D:3      | Killed Terence
  2774 | D:3      | Reached skill level 8 in Axes
  3737 | D:5      | Entered Level 5 of the Dungeon
  3744 | D:5      | Reached skill level 9 in Axes
  3791 | D:5      | Reached XP level 7. HP: 44/57 MP: 7/7
  3926 | D:5      | Reached skill level 10 in Axes
  4515 | D:5      | Found a staircase to the Ecumenical Temple.
  4628 | D:5      | HP: 2/57 [ogre/+0 giant spiked club (14)]
  4629 | D:5      | Killed from afar by an orc priest

Illustrated notes

Levels and vault maps discovered:
D:1:      eino_arrival_druids_welcome, layout_basic, minmay_misc_feat_cross
D:2:      layout_loops_ring, chequers_ecumenical_altar_simple_redux,
          st_stairs_11
D:3:      layout_loops_ring, grunt_ministairs_13,
          wander_ebering_terrifying_dragon_lair, uniq_grinder, uniq_terence
D:4:      layout_rooms
D:5:      kennysheep_windowed_halls, layout_basic, minmay_temple_entry_hall,
          grunt_decor_fettered

Skill      XL: |  1  2  3  4  5  6  7 |
---------------+----------------------+-----
Axes           | 3 4 7 9 10 | 10.9
Fighting       | |  3.6
Armour         | |  2.4
Dodging        | |  1.1
Invocations    | |  1.7

Action                   |  1- 3 |  4- 6 |  7- 9 || total
-------------------------+-------+-------+-------++-------
Melee: Hand axe          |    90 |    95 |    41 ||   226
       Headbutt          |     8 |    19 |    20 ||    47
       Punch             |     1 |       |     2 ||     3
Armor: Leather armour    |     1 |       |       ||     1
       Chain mail        |    45 |    48 |    18 ||   111
Dodge: Dodged            |    29 |    20 |     6 ||    55
